 Dungeon Crawl Stone Soup version 0.21.1-1-g345015fe64 (webtiles) character file.

2795 Naru the Cleaver (level 9, 0/82 HPs)
             Began as a Hill Orc Monk on June 18, 2018.
             Was a Priest of Beogh.
             Slain by a wyvern (13 damage)
             ... on level 8 of the Dungeon.
             The game lasted 00:20:40 (9672 turns).

Naru the Cleaver (Hill Orc Monk)                    Turns: 9672, Time: 00:20:40

Health: 0/82       AC: 14    Str: 14    XL:     9   Next: 71%
Magic:  11/11      EV:  8    Int: 12    God:    Beogh [***...]
Gold:   392        SH:  4    Dex: 17    Spells: 8/8 levels left

rFire    . . .     SeeInvis .   J - +0 battleaxe
rCold    . . .     Gourm    .   (shield currently unavailable)
rNeg     . . .     Faith    .   i - +0 chain mail
rPois    .         Spirit   .   m - +1 hat
rElec    .         Reflect  +   (no cloak)
rCorr    .         Harm     .   (no gloves)
MR       .....                  (no boots)
Stlth    ..........             h - +4 amulet of reflection
HPRegen  0.23/turn              n - +4 ring of protection
MPRegen  0.12/turn              w - +3 ring of dexterity

@: no status effects
A: no striking features
a: Smiting, Renounce Religion


You were on level 8 of the Dungeon.
You worshipped Beogh.
Beogh was most pleased with you.
You were not hungry.

You visited 1 branch of the dungeon, and saw 8 of its levels.
You also visited: Sewer.

You collected 392 gold pieces.

Inventory:

Hand Weapons
 q - a +3 halberd
 A - a +2 trident of piercing
 B - a +0 war axe
 J - a +0 battleaxe (weapon)
 K - a +0 glaive
Missiles
 d - a throwing net (quivered)
Armour
 i - a +0 chain mail (worn)
 m - a +1 hat (worn)
 D - the +1 leather armour of Upsoel {rC- rCorr Int+7 Stlth+}
   (You found it on level 8 of the Dungeon)

   It affects your intelligence (+7).
   It makes you vulnerable to cold.
   It protects you from acid and corrosion.
   It makes you more stealthy.
Jewellery
 a - a +3 ring of evasion
 h - a +4 amulet of reflection (around neck)
 n - a +4 ring of protection (left hand)
 v - an uncursed ring of ice
 w - a +3 ring of dexterity (right hand)
 F - an uncursed ring of see invisible
Wands
 t - a wand of paralysis (25)
 x - a wand of iceblast (3)
 y - a wand of polymorph (8)
 H - a wand of flame (25)
Scrolls
 e - 2 scrolls of immolation
 f - 3 scrolls of remove curse
 j - 2 scrolls of blinking
 k - 2 scrolls of magic mapping
 o - 5 scrolls of teleportation
 s - a scroll of amnesia
 u - 2 scrolls of fear
Potions
 b - 2 potions of curing
 g - a potion of agility {unknown}
 l - 3 potions of magic
 p - a potion of cancellation {unknown}
 r - 5 potions of heal wounds
 z - a potion of lignification {unknown}
Books
 C - a book of Misfortune

   Spells                             Type                      Level
   a - Confusing Touch                Hexes                        1
   b - Confuse                        Hexes                        3
   c - Gell's Gravitas                Translocation                3
   d - Petrify                        Transmutation/Earth          4
   e - Metabolic Englaciation         Hexes/Ice                    5
   f - Yara's Violent Unravelling     Hexes/Transmutation          5
Comestibles
 c - 4 rations


   Skills:
 * Level 8.3 Fighting
 * Level 12.5 Axes
 + Level 5.2 Armour
 + Level 3.3 Dodging
 - Level 1.5 Stealth
 * Level 3.8 Invocations


You had 8 spell levels left.
You didn't know any spells.

Dungeon Overview and Level Annotations

Branches:
Dungeon (8/15)             Temple (0/1) D:7
   Lair: D:8-11

Altars:
Uskayaw

Annotations:
D:6 Dowan, Duvessa


Message History

You kill the orc!
Beogh accepts your kill. The komodo dragon bites you!!
Your chain mail prevents you from hitting the komodo dragon.
The komodo dragon is moderately wounded.
You hit the wyvern. The wyvern bites you! The komodo dragon bites you!
You hit the komodo dragon.
The komodo dragon is heavily wounded.
You hit the wyvern but do no damage. The wyvern bites you.
The komodo dragon bites you!
* * * LOW HITPOINT WARNING * * *
The wyvern barely misses you.
You hit the komodo dragon but do no damage.
The komodo dragon is heavily wounded.
You hit the wyvern but do no damage.
The wyvern bites you but does no damage.
The komodo dragon bites you!
* * * LOW HITPOINT WARNING * * *
The wyvern bites you!
You die...

###########
##.....@lo.# ###
##....###l.)....
##.# ####..####
##)....
...###...###
##.# ###...####
. ##.#### ###
### #####
#############


You could see a komodo dragon, a wyvern and an orc.

Vanquished Creatures
  A wyvern (D:8)
  A phantom (D:3)
  4 ogres
  A necrophage (D:6)
  3 sky beasts
  4 bullfrogs
  7 big kobolds (Sewer)
  A scorpion (D:4)
  4 wights (D:7)
  2 crimson imps
  A centaur skeleton (D:4)
  2 hounds (D:4)
  2 orc wizards
  3 orc priests (D:7)
  A bullfrog skeleton (D:4)
  A gnoll shaman (D:6)
  2 iguanas
  6 worker ants
  9 adders
  5 gnolls (D:6)
  2 river rats
  3 shadow imps
  3 oozes (Sewer)
  2 adder skeletons
  An adder zombie (D:5)
  12 worms
  A dart slug (D:3)
  5 leopard geckos
  8 orcs
  10 bats
  8 giant cockroaches
  12 hobgoblins
  14 jackals
  2 quokkas
  2 ball pythons (Sewer)
  7 frilled lizards
  A giant cockroach zombie (D:5)
  11 goblins
  10 kobolds
  A quokka zombie (D:5)
  17 rats
  A plant (D:1)
193 creatures vanquished.

Vanquished Creatures (others)
  An orc wizard (D:4)
  5 orcs
  A kobold (D:3)
  A frilled lizard (D:5)
8 creatures vanquished.

Grand Total: 201 creatures vanquished

Notes
Turn   | Place    | Note
-------+----------+-------------------------------------------
     0 | D:1      | Naru the Hill Orc Monk began the quest for the Orb.
     0 | D:1      | Reached XP level 1. HP: 19/19 MP: 1/1
   232 | D:1      | Reached XP level 2. HP: 26/27 MP: 2/2
   633 | D:1      | Reached XP level 3. HP: 26/33 MP: 3/3
  1054 | D:1      | Reached skill level 5 in Axes
  1636 | D:2      | Noticed a hand axe
  1637 | D:2      | Noticed a dagger
  1640 | D:2      | Found a hide-covered altar of Uskayaw.
  1656 | D:2      | Reached XP level 4. HP: 31/40 MP: 4/4
  2107 | D:3      | Reached skill level 6 in Axes
  2606 | D:3      | Noticed a phantom
  2825 | D:3      | Killed a phantom
  2825 | D:3      | Reached skill level 1 in Armour
  2825 | D:3      | Reached XP level 5. HP: 17/47 MP: 5/5
  3324 | D:4      | Noticed an ogre
  3352 | D:4      | Killed an ogre
  3352 | D:4      | Reached skill level 5 in Fighting
  3352 | D:4      | Reached skill level 7 in Axes
  3352 | D:4      | Reached XP level 6. HP: 19/56 MP: 6/6
  4079 | D:4      | Reached skill level 8 in Axes
  4106 | D:4      | Reached XP level 7. HP: 61/61 MP: 7/7
  4722 | D:5      | Entered Level 5 of the Dungeon
  4821 | D:5      | Reached skill level 9 in Axes
  5087 | D:5      | Became a worshipper of Beogh the Brigand
  5087 | D:5      | Reached * piety under Beogh
  5087 | D:5      | Reached ** piety under Beogh
  5220 | D:5      | Found a glowing drain.
  5229 | Sewer    | Entered a sewer
  5548 | Sewer    | Reached XP level 8. HP: 66/70 MP: 8/8
  6189 | Sewer    | Reached skill level 10 in Axes
  6357 | Sewer    | Reached skill level 1 in Invocations
  7284 | D:6      | Reached skill level 11 in Axes
  7616 | D:6      | Reached XP level 9. HP: 69/79 MP: 10/10
  8188 | D:6      | Noticed Duvessa
  8188 | D:6      | Noticed Dowan
  8257 | D:7      | Reached *** piety under Beogh
  8400 | D:7      | Found a staircase to the Ecumenical Temple.
  8893 | D:7      | Reached skill level 12 in Axes
  8893 | D:7      | Reached skill level 5 in Armour
  9464 | D:8      | Got a heavily runed leather armour
  9468 | D:8      | Identified the +1 leather armour of Upsoel {rC- rCorr Int+7 Stlth+} (You found it on level 8 of the Dungeon)
  9664 | D:8      | Noticed a komodo dragon
  9672 | D:8      | Slain by a wyvern

Skill      XL: |  1  2  3  4  5  6  7  8  9 |
---------------+----------------------------+-----
Fighting       | 4 5 6 7 8 |  8.3
Axes           | 5 6 7 8 9 11 12 | 12.5
Armour         | 1 2 3 4 5 |  5.2
Dodging        | 3 |  3.3
Invocations    | 2 3 |  3.8
Stealth        | |  1.5

Action                   |  1- 3 |  4- 6 |  7- 9 || total
-------------------------+-------+-------+-------++-------
Melee: Hand axe          |   252 |   270 |   717 ||  1239
       War axe           |       |       |    45 ||    45
       Battleaxe         |       |       |    32 ||    32
Invok: Convert to Beogh  |       |       |     1 ||     1
  Use: Scroll            |       |     9 |    10 ||    19
 Stab: Sleeping          |     2 |       |       ||     2
  Eat: Chunk             |     3 |     4 |     2 ||     9
       Ration            |       |     1 |     6 ||     7
Armor: Robe              |    13 |       |       ||    13
       Chain mail        |    43 |   193 |   332 ||   568
Dodge: Dodged            |    81 |    91 |   186 ||   358
Block: Other             |    26 |    51 |    85 ||   162
       Reflection        |     5 |     2 |     2 ||     9
